AoeStats
← Lord_Devil

Arabia

509224647Analyzed
2v2 RM · 5d ago on Sep 26, 2026· 48m 22s· 4 players
Game mode
Random Map
Map size
Medium (4 player)
Population
200
Speed
Normal
Resources
Standard
Victory
Conquest
Starting age
Dark Age
Ending age
Imperial Age
RankedLock teamsTeams togetherTeam positionsShared explorationLock speedFull tech treeHidden civsTurbo modeCheats
Victory
Defeat
🇺🇸 Bohemians · United States
1010
+16
🇺🇸 Aztecs · United States
1009
+16
🇺🇸 Danes · United States
1044
-18
🇺🇸 Saxons · United States
956
-14
Get Rich @ Hex.com
5:41 Loom
13:10 Feudal Age
18:09 Castle Age
17:27 Double-Bit Axe
22:08 Chemistry
21:32 Padded Archer Armor
21:53 Bow Saw
22:54 Leather Archer Armor
23:29 Town Watch
23:27 Horse Collar
27:08 Sanctity
32:34 Fletching
37:59 Imperial Age
39:37 Ballistics
43:12 Conscription
48:25 Wheelbarrow
Blondie
11:23 Feudal Age
9:38 Loom
13:27 Man-at-Arms
18:28 Castle Age
18:49 Long Swordsman
20:10 Forging
22:28 Double-Bit Axe
28:08 Elite Skirmisher
29:29 Wheelbarrow
31:16 Scale Mail Armor
32:39 Arson
33:47 Horse Collar
41:26 Imperial Age
40:09 Fletching
40:21 Padded Archer Armor
42:20 Hand Cart
42:39 Leather Archer Armor
42:24 Bodkin Arrow
42:48 Crossbowman
43:36 Bracer
44:04 Conscription
45:48 Gold Mining
46:18 Bow Saw
Lord_Devil
3:43 Loom
11:05 Feudal Age
12:46 Wheelbarrow
11:59 Double-Bit Axe
11:54 Man-at-Arms
21:17 Castle Age
19:52 Scale Mail Armor
20:34 Stone Mining
21:36 Forging
21:24 Horse Collar
22:43 Gambesons
29:08 Elite Skirmisher
39:29 Gold Mining
snake
9:34 Feudal Age
15:15 Horse Collar
15:23 Double-Bit Axe
18:13 Castle Age
20:11 Stone Mining
20:59 Wheelbarrow
22:02 Scale Mail Armor
22:13 Forging
23:11 Heavy Plow
23:05 Loom
24:06 Gambesons
24:22 Squires
25:28 Town Watch
25:59 Fletching
30:16 Hand Cart
30:40 Bodkin Arrow
35:05 Chain Mail Armor
35:26 Iron Casting
37:18 Arson
44:58 Padded Archer Armor
46:00 Husbandry
47:34 Scale Barding Armor
48:13 Town Patrol
49:03 Bloodlines
Connection lost

Rejoining the realm…

Still unreachable

The connection could not be restored.

Session expired

The server has moved on; the page needs a fresh start.